 Dungeon Crawl Stone Soup version 0.29-a0-384-g6960b1960d (webtiles) character file.

Game seed: 14196810277128446787

1362 Bruhh the Thaumaturge (level 8, 0/55 HPs)
             Began as a Djinni Earth Elementalist on May 7, 2022.
             Slain by an acid dragon (3 damage)
             ... on level 8 of the Dungeon.
             The game lasted 00:08:29 (6923 turns).

Bruhh the Thaumaturge (Djinni Earth Elementalist)   Turns: 6923, Time: 00:08:30

Health: 0/55       AC:  3    Str:  7    XL:     8   Next: 96%
Gold:   277        EV: 12    Int: 20    God:
                   SH:  0    Dex: 13

rFire   + + .      SeeInvis .   i - +0 falchion
rCold   x . .      Faith    .   (no shield)
rNeg    . . .      Spirit   .   b - +0 robe
rPois   ∞          Reflect  .   j - +0 helmet
rElec   .          Harm     .   (no cloak)
rCorr   .          Rampage  .   (no gloves)
Will    .....                   (boots unavailable)
Stlth   ++........              a - amulet of regeneration
HPRegen 0.98/turn               (no ring)
MPRegen 0.00/turn               (no ring)

@: flying
A: sickness immunity, fire resistance 2, cold vulnerability 1, float, innate
caster, HP casting, extra vitality 1
a: no special abilities


You were on level 8 of the Dungeon.
You visited 2 branches of the dungeon, and saw 9 of its levels.

You collected 277 gold pieces.

Inventory:

Hand Weapons
 i - a +0 falchion (weapon)
Missiles
 l - 135 stones
Armour
 b - a +0 robe (worn)
 j - a +0 helmet (worn)
Jewellery
 a - an amulet of regeneration (around neck)
 k - a ring of protection from fire
 s - a +4 ring of evasion
 y - a ring of ice
 A - an amulet of the acrobat
Wands
 t - a wand of iceblast (15)
 x - a wand of flame (24)
Scrolls
 c - 2 scrolls of teleportation
 f - a scroll of poison {unknown}
 g - a scroll of fog {unknown}
 h - 2 scrolls of noise {unknown}
 m - 3 scrolls of identify
 n - a scroll of enchant weapon {unknown}
 o - 2 scrolls of immolation {unknown}
 q - a scroll of amnesia {unknown}
 u - a scroll of blinking {unknown}
 v - 2 scrolls of fear {unknown}
Potions
 d - a potion of curing
 e - a potion of berserk rage {unknown}
 p - 2 potions of heal wounds {unknown}
 r - a potion of ambrosia {unknown}
 w - a potion of brilliance {unknown}
 z - a potion of experience {unknown}


   Skills:
 + Level 2.8 Fighting
 - Level 2.1 Dodging
 - Level 1.5 Stealth
 - Level 8.0 Spellcasting


You had 7 spell levels left.
You knew the following spells:

 Your Spells              Type           Power      Damage    Failure   Level
a - Sandblast             Erth           80%        2d17      1%          1
b - Passwall              Tmut/Erth      33%        N/A       1%          2
c - Stone Arrow           Conj/Erth      80%        3d12      1%          3
d - Petrify               Tmut/Erth      40%        N/A       3%          4
e - Summon Small Mammal   Summ           100%       N/A       1%          1
f - Searing Ray           Conj           80%        2d7       1%          2
g - Vampiric Draining     Necr           40%        2d8       1%          3
Your spell library was empty.

Dungeon Overview and Level Annotations

Branches:
Dungeon (8/15)             Temple (1/1) D:7
   Lair: D:8-11

Altars:
Cheibriados
Fedhas
Hepliaklqana
Makhleb
Nemelex Xobeh
Okawaru
Qazlal
Ru
Sif Muna
Trog
Uskayaw
Vehumet
Wu Jian
Yredelemnul

Annotations:
D:7 3 runed translucent doors, HotDog666's ghost, novice HOFi; Jortsu's ghost, novice TrFi; MrShunz's ghost, novice DECj; gareppa's ghost, novice GrFi; zorge82's ghost, novice HOFi


Innate Abilities, Weirdness & Mutations

You are immune to sickness and miasma.
You are immune to poison.
Your flesh is very heat resistant. (rF++)
You are vulnerable to cold. (rC-)
You float through the air rather than walking.
You learn spells naturally, not from books.
Your magical power is your life essence.
You have superior vitality. (+4 MHP)


Message History

* * * LOW HITPOINT WARNING * * *
You are too injured to fight recklessly!
Casting: Stone Arrow (safe; 1% risk of failure)
Confirm with . or Enter, or press ? or * to list all spells.
Aiming: Stone Arrow (safe; 1% risk of failure)
Press: ? - help, Shift-Dir - straight line, f - acid dragon
Aim: an acid dragon (catching its breath, 76% to hit)
The stone arrow hits the acid dragon!
The acid dragon is moderately wounded.
* * * LOW HITPOINT WARNING * * *
The acid dragon closely misses you. x2
Casting: Stone Arrow (safe; 1% risk of failure)
Confirm with . or Enter, or press ? or * to list all spells.
Aiming: Stone Arrow (safe; 1% risk of failure)
Press: ? - help, Shift-Dir - straight line, f/p - acid dragon
Aim: an acid dragon (moderately wounded, catching its breath, 76% to hit)
The stone arrow hits the acid dragon!
The acid dragon is almost dead.
* * * LOW HITPOINT WARNING * * *
The acid dragon misses you. The acid dragon claws you.
* * * LOW HITPOINT WARNING * * *
Casting: Stone Arrow (safe; 1% risk of failure)
Confirm with . or Enter, or press ? or * to list all spells.
Aiming: Stone Arrow (safe; 1% risk of failure)
Press: ? - help, Shift-Dir - straight line, f/p - acid dragon
Aim: an acid dragon (almost dead, catching its breath, 76% to hit)
The stone arrow misses the acid dragon.
* * * LOW HITPOINT WARNING * * *
The acid dragon misses you. The acid dragon claws you.
* * * LOW HITPOINT WARNING * * *
Something unseen opens the door.
Casting: Stone Arrow (safe; 1% risk of failure)
Confirm with . or Enter, or press ? or * to list all spells.
Aiming: Stone Arrow (safe; 1% risk of failure)
Press: ? - help, Shift-Dir - straight line, f/p - acid dragon
Aim: an acid dragon (almost dead, catching its breath, 76% to hit)
The stone arrow misses the acid dragon.
* * * LOW HITPOINT WARNING * * *
The acid dragon bites you.
You die...

### #####..
.......####
..........#
.....(.D#.#
.......@#.#####
.........<....#
.......#####.....
....... ...
....!.. . .......
.#'#### ..


You could see an acid dragon (catching breath).

Vanquished Creatures
  An acid dragon (D:7)
  A water moccasin (D:7)
  A sky beast (D:7)
  An ogre (D:4)
  2 phantoms (D:5)
  2 bullfrogs
  2 scorpions
  3 jellies
  6 hounds
  2 orc priests (D:5)
  Jessica (D:3)
  An iguana (D:7)
  2 orc wizards (D:4)
  4 adders
  An ufetubus (D:5)
  3 worms
  3 dart slugs
  12 orcs
  6 ball pythons
  3 bats
  6 endoplasms
  2 giant cockroaches
  3 goblins
  8 hobgoblins
  4 jackals (D:1)
  5 kobolds
  4 quokkas
  5 frilled lizards
  4 rats
98 creatures vanquished.

Vanquished Creatures (collateral kills)
  An adder (D:2)
  An endoplasm (D:3)
  A giant cockroach (D:3)
  2 goblins (D:2)
  A quokka (D:2)
  A ball python (D:3)
  A rat (D:3)
8 creatures vanquished.

Grand Total: 106 creatures vanquished

Notes
Turn   | Place    | Note
-------+----------+-------------------------------------------
     0 | D:1      | Bruhh the Djinni Earth Elementalist began the quest for the
                  | Orb.
     0 | D:1      | Reached XP level 1. HP: 15/15 MP: 0/0
   565 | D:1      | Reached XP level 2. HP: 18/21 MP: 0/0
   745 | D:1      | Reached skill level 3 in Spellcasting
   790 | D:1      | Found Figoenog's Distillery.
   804 | D:1      | Reached XP level 3. HP: 12/25 MP: 0/0
   804 | D:1      | Learned a level 1 spell: Summon Small Mammal
  1656 | D:2      | HP: 1/25 [adder (2)]
  1658 | D:2      | Reached XP level 4. HP: 1/31 MP: 0/0
  2686 | D:2      | Found a faded altar of an unknown god.
  3767 | D:3      | Reached skill level 4 in Spellcasting
  3785 | D:3      | Noticed Jessica
  3796 | D:3      | Killed Jessica
  3797 | D:3      | Reached XP level 5. HP: 30/35 MP: 0/0
  3797 | D:3      | Learned a level 2 spell: Searing Ray
  4119 | D:4      | Noticed an ogre
  4129 | D:4      | Killed an ogre
  4130 | D:4      | Reached skill level 5 in Spellcasting
  4130 | D:4      | Reached XP level 6. HP: 23/40 MP: 0/0
  4730 | D:5      | Entered Level 5 of the Dungeon
  4804 | D:5      | Reached XP level 7. HP: 33/45 MP: 0/0
  4804 | D:5      | Learned a level 3 spell: Vampiric Draining
  4980 | D:5      | Reached skill level 6 in Spellcasting
  5589 | D:5      | Reached XP level 8. HP: 43/50 MP: 0/0
  5819 | D:6      | Reached skill level 7 in Spellcasting
  5913 | D:6      | Noticed a boulder beetle
  6008 | D:7      | Found a staircase to the Ecumenical Temple.
  6023 | Temple   | Entered the Ecumenical Temple
  6531 | D:7      | Reached skill level 8 in Spellcasting
  6578 | D:7      | Found a runed translucent gate.
  6578 | D:7      | Found a runed translucent gate.
  6578 | D:7      | Found a runed translucent gate.
  6580 | D:7      | Noticed HotDog666's ghost (novice HOFi)
  6580 | D:7      | Noticed gareppa's ghost (novice GrFi)
  6581 | D:7      | Noticed Jortsu's ghost (novice TrFi)
  6581 | D:7      | Noticed MrShunz's ghost (novice DECj)
  6583 | D:7      | Noticed zorge82's ghost (novice HOFi)
  6923 | D:8      | Slain by an acid dragon

Illustrated notes

Levels and vault maps discovered:
D:1:      amcnicky_arrival_abandoned_market, layout_basic, serial_shops,
          nicolae_shop_statue_plus, chequers_serial_rivers_small_b
D:2:      layout_basic, ebering_ecumenical_altar_hall,
          chequers_serial_rivers_micro_b
D:3:      layout_basic, dreamdust_princess_bridge, uniq_jessica
D:4:      layout_loops_ring, st_stairs_3
D:5:      layout_basic
D:6:      layout_basic, zin_academy, nicolae_shop_overcharged_wands,
          uniq_blork_the_orc, uniq_edmund
D:7:      layout_gridville, minmay_temple_entry_grid, gammafunk_ghost_cemetery
D:8:      layout_basic, due_lair_maze_entry_diamond, enter_bailey_3
Temple:   eino_narrow_crystal_temple

Skill      XL: |  1  2  3  4  5  6  7  8 |
---------------+-------------------------+-----
Spellcasting   | 3 4 5 6 8 |  8.0
Fighting       | 2 |  2.8
Dodging        | |  2.1
Stealth        | |  1.5

Action                   |  1- 3 |  4- 6 |  7- 9 || total
-------------------------+-------+-------+-------++-------
Melee: Unarmed           |    20 |       |       ||    20
       Falchion          |       |    72 |     3 ||    75
       Punch             |       |     1 |     1 ||     2
 Cast: Sandblast         |    45 |       |       ||    45
       Summon Small Mamm |     3 |    24 |     1 ||    28
       Searing Ray       |       |     5 |       ||     5
       Stone Arrow       |       |    23 |    58 ||    81
  Use: Potion            |       |       |     3 ||     3
       Scroll            |       |       |     2 ||     2
 Stab: Distracted        |       |     1 |       ||     1
       Sleeping          |       |     1 |       ||     1
Armor: Robe              |    10 |    24 |     3 ||    37
Dodge: Dodged            |    34 |    71 |    18 ||   123

Table legend: (Time is in decaauts)
 A = Elapsed time spent in this place.
 B = Non-inter-level travel time spent in this place.
 C = Inter-level travel time spent in this place.
 D = Time resting spent in this place.
 E = Time spent auto-exploring this place.
 F = Levels seen in this place.
 G = Mean time per level.
                   A        B        C        D        E       F      G
               +--------+--------+--------+--------+--------+-----+--------+
         Total |   6945 |   6741 |    204 |    609 |   5367 |   9 |  771.7 |
       Dungeon |   6810 |   6615 |    195 |    609 |   5249 |   8 |  851.2 |
        Temple |    134 |    125 |      9 |      0 |    118 |   1 |  134.0 |
               +--------+--------+--------+--------+--------+-----+--------+

Top non-repeatable levels by time:
     D:1: 2070 daAuts
     D:3: 1060 daAuts
     D:5: 984 daAuts
     D:2: 877 daAuts
     D:7: 837 daAuts
     D:4: 743 daAuts
     D:6: 228 daAuts
  Temple: 134 daAuts
     D:8: 7 daAuts
